 Dungeon Crawl Stone Soup version 0.31.0-32-g396128a36d (webtiles) character file.

Game seed: 4479061342267681113

1141 Econoterrorist the Carver (level 8, 0/68 HPs)
             Began as a Minotaur Fighter on Apr 17, 2024.
             Slain by a steam dragon (2 damage)
             ... on level 6 of the Dungeon.
             The game lasted 00:10:14 (4312 turns).

Econoterrorist the Carver (Minotaur Fighter)        Turns: 4312, Time: 00:10:14

Health: 0/68       AC:  8    Str: 21    XL:     8   Next: 14%
Magic:  7/7        EV: 15    Int:  5    God:
Gold:   377        SH: 10    Dex: 12    Spells: 7/7 levels left

rFire   . . .        a - +0 long sword
rCold   . . .        c - +0 buckler
rNeg    . . .        b - +0 scale mail
rPois   +            (helmet restricted)
rElec   .            (no cloak)
rCorr   .            w - +0 pair of gloves
SInv    .            (no boots)
Will    .....        I - amulet of reflection Stlth
                     C - +5 ring of evasion
HPRegen 0.31/turn    u - ring of poison resistance
MPRegen 0.10/turn

%: reflection
@: no status effects
A: horns 2, retaliatory headbutt
a: no special abilities


You were on level 6 of the Dungeon.
You visited 1 branch of the dungeon, and saw 6 of its levels.

You collected 377 gold pieces.

Inventory:

Hand Weapons
 a - a +0 long sword (weapon)
 z - a +2 rapier of venom
Armour
 b - a +0 scale mail (worn)
 c - a +0 buckler (worn)
 w - a +0 pair of gloves (worn)
Jewellery
 u - a ring of poison resistance (right hand)
 C - a +5 ring of evasion (left hand)
 I - an amulet of reflection (around neck)
Wands
 E - a wand of charming (23)
 J - a wand of polymorph (7)
Scrolls
 d - 2 scrolls of revelation {unknown}
 e - a scroll of summoning {unknown}
 f - 2 scrolls of immolation {unknown}
 g - 4 scrolls of identify {unknown}
 h - 2 scrolls of fog {unknown}
 i - 4 scrolls of teleportation {unknown}
 l - 2 scrolls of enchant armour {unknown}
 m - a scroll of enchant weapon {unknown}
 q - 2 scrolls of poison {unknown}
 s - a scroll of acquirement {unknown}
 t - a scroll of torment {unknown}
 x - a scroll of fear {unknown}
 y - a scroll of brand weapon {unknown}
 B - a scroll of blinking {unknown}
 G - a scroll of vulnerability {unknown}
Potions
 j - a potion of magic {unknown}
 k - 2 potions of degeneration {unknown}
 n - a potion of mutation {unknown}
 o - a potion of brilliance {unknown}
 p - a potion of ambrosia {unknown}
 r - a potion of berserk rage {unknown}
 v - a potion of cancellation {unknown}
 A - 4 potions of curing {unknown}
 D - 3 potions of lignification {unknown}
 F - a potion of enlightenment {unknown}
 H - a potion of attraction {unknown}
 K - a potion of haste {unknown}


   Skills:
 + Level 5.2 Fighting
 + Level 9.3 Long Blades
 + Level 5.1 Armour
 + Level 2.6 Dodging
 + Level 5.2 Shields


You had 7 spell levels left.
You didn't know any spells.
Your spell library contained the following spells:

 Spells                   Type           Power      Damage    Failure   Level
 Slow                     Hex            0%         N/A       86%         1
 Sting                    Conj/Alch      0%         1d3       86%         1
 Summon Small Mammal      Summ           0%         N/A       86%         1
 Mercury Vapours          Alch/Air       0%         N/A       94%         2
 Call Canine Familiar     Summ           0%         N/A       99%         3
 Confusing Touch          Hex            0%         N/A       99%         3
 Sigil of Binding         Hex            0%         N/A       99%         3
 Vampiric Draining        Necr           0%         2d6       99%         3
 Olgreb's Toxic Radiance  Alch           0%         N/A       100%        4
 Summon Blazeheart Golem  Fire/Summ      0%         N/A       100%        4
 Alistair's Intoxication  Alch           0%         N/A       100%        5
 Borgnjor's Vile Clutch   Necr/Erth      0%         N/A       100%        5
 Eringya's Noxious Bog    Alch           0%         4d6       100%        6


Dungeon Overview and Level Annotations

Branches:
Dungeon (6/15)
 Temple: D:4-7

Altars:
Fedhas


Innate Abilities, Weirdness & Mutations

You have a pair of horns on your head.
You reflexively headbutt those who attack you in melee.


Message History

You are engulfed in a cloud of scalding steam.
You closely miss the steam dragon. Your headbutt misses the steam dragon.
The steam dragon closely misses you. You furiously retaliate!
You headbutt the steam dragon! The steam dragon claws you.
You completely miss the steam dragon.
The steam dragon is heavily wounded.
You block the steam dragon's attack. x2
You barely miss the steam dragon.
The steam dragon is heavily wounded.
The steam dragon bites you but does no damage.
You block the steam dragon's attack.
You completely miss the steam dragon.
The steam dragon is heavily wounded.
You block the steam dragon's attack. The steam dragon completely misses you.
You barely miss the steam dragon.
The steam dragon is heavily wounded.
You block the steam dragon's attack. The steam dragon closely misses you.
You slash the steam dragon!
The steam dragon is severely wounded.
The steam dragon breathes steam at you. The ball of steam hits you!
You hit the steam dragon.
The steam dragon is almost dead.
You are engulfed in a cloud of scalding steam.
The steam dragon barely misses you. x2
You closely miss the steam dragon. Your headbutt misses the steam dragon.
The steam dragon is almost dead.
You are engulfed in a cloud of scalding steam.
* * * LOW HITPOINT WARNING * * *
You block the steam dragon's attack. The steam dragon misses you.
You hit the steam dragon but do no damage.
The steam dragon is almost dead.
You are engulfed in a cloud of scalding steam.
The steam dragon breathes steam at you. The ball of steam hits you!
* * * LOW HITPOINT WARNING * * *
The steam dragon bites you.
* * * LOW HITPOINT WARNING * * *
The steam dragon claws you.
You die...

..# #.#####.#
..# #.# #<# ###
# #.# ### ...
#.# .... #.#
.....##.#######
.............§#
........D.§§.§#
###.....@..§§.#
#####.#######
#.# #.# #.# #.#
#. #.


You could see a steam dragon.

Vanquished Creatures
  Duvessa (D:5)
  2 ice beasts
  2 black bears
  Dowan (D:5)
  An orc priest (D:6)
  4 hounds
  A gnoll bouda (D:4)
  An iguana (D:4)
  2 sleepcaps
  Jessica (D:3)
  2 orc wizards
  11 gnolls
  9 adders
  2 dart slugs
  2 ribbon worms
  7 orcs
  7 ball pythons
  8 bats
  6 endoplasms
  7 giant cockroaches
  7 goblins
  6 hobgoblins
  4 jackals (D:4)
  2 kobolds (D:4)
  4 quokkas
  10 frilled lizards
  7 rats
117 creatures vanquished.

Notes
Turn   | Place    | Note
-------+----------+-------------------------------------------
     0 | D:1      | Econoterrorist the Minotaur Fighter began the quest for the
                  | Orb.
     0 | D:1      | Reached XP level 1. HP: 19/19 MP: 0/0
    74 | D:1      | Reached skill level 3 in Long Blades
   101 | D:1      | Reached XP level 2. HP: 24/26 MP: 1/1
   419 | D:1      | Reached skill level 4 in Long Blades
   740 | D:2      | Reached XP level 3. HP: 31/31 MP: 2/2
  1041 | D:2      | Reached skill level 5 in Long Blades
  1099 | D:2      | Reached XP level 4. HP: 35/39 MP: 3/3
  1393 | D:3      | Reached skill level 6 in Long Blades
  1592 | D:3      | Found a faded altar of an unknown god.
  1655 | D:3      | Noticed Jessica
  1664 | D:3      | Killed Jessica
  1665 | D:3      | Reached XP level 5. HP: 34/45 MP: 4/4
  2333 | D:4      | Reached skill level 7 in Long Blades
  2378 | D:4      | Reached XP level 6. HP: 10/51 MP: 5/5
  2730 | D:4      | Reached skill level 8 in Long Blades
  2966 | D:4      | Found a blossoming altar of Fedhas.
  3187 | D:5      | Entered Level 5 of the Dungeon
  3257 | D:5      | Noticed an ice beast
  3265 | D:5      | Killed an ice beast
  3266 | D:5      | Reached XP level 7. HP: 49/59 MP: 6/6
  3723 | D:5      | Reached skill level 1 in Dodging
  3793 | D:5      | Noticed Dowan
  3835 | D:5      | Killed Dowan
  3880 | D:5      | Noticed Duvessa
  3888 | D:5      | Killed Duvessa
  3889 | D:5      | Reached skill level 9 in Long Blades
  4188 | D:6      | Reached skill level 5 in Fighting
  4188 | D:6      | Reached skill level 5 in Shields
  4188 | D:6      | Reached XP level 8. HP: 68/68 MP: 7/7
  4239 | D:6      | Reached skill level 5 in Armour
  4312 | D:6      | HP: 2/68 [steam dragon (6)]
  4312 | D:6      | Slain by a steam dragon

Illustrated notes

Levels and vault maps discovered:
D:1:      psy_arrival_dodecagon, layout_basic
D:2:      layout_basic, st_stairs_1, serial_park_tiny_2, minmay_octomino_e4
D:3:      layout_loops_cross, chequers_ecumenical_altar_island,
          corexii_item_surrounded_by_moat, st_stairs_12, minmay_strange_pillars,
          minmay_vboxes, uniq_jessica
D:4:      layout_loops_ring, fedhas_altar_2, hangedman_minor_gate_pass
D:5:      layout_rooms, uniq_duvessa
D:6:      layout_basic

Skill      XL: |  1  2  3  4  5  6  7  8 |
---------------+-------------------------+-----
Long Blades    | 3 4 5 6 7 8 9 |  9.3
Fighting       | 4 5 |  5.2
Armour         | 4 5 |  5.1
Shields        | 4 5 |  5.2
Dodging        | 2 |  2.6

Action                     |  1- 3 |  4- 6 |  7- 9 || total
---------------------------+-------+-------+-------++-------
  Melee: Long sword        |    81 |   156 |   117 ||   354
         Headbutt          |     6 |    28 |    19 ||    53
    Use: Potion            |       |       |     1 ||     1
 Armour: Scale mail        |    46 |   105 |    53 ||   204
  Dodge: Dodged            |    31 |    63 |    54 ||   148
  Block: Buckler           |    27 |    28 |    52 ||   107
         Reflection        |       |       |     1 ||     1
